 Dungeon Crawl Stone Soup version 0.30-a0-219-gf2db51d15e (webtiles) character file.

Game seed: 5282033275337780290

77 Iusername the Covered (level 4, -4/40 HPs)
             Began as a Minotaur Fighter on Oct 7, 2022.
             Slain by a gnoll
             ... wielding a +0 whip
              (5 damage)
             ... on level 3 of the Dungeon.
             The game lasted 00:03:51 (1916 turns).

Iusername the Covered (Minotaur Fighter)            Turns: 1916, Time: 00:03:52

Health: -4/40      AC:  8    Str: 23    XL:     4   Next: 14%
Magic:  3/3        EV: 10    Int:  5    God:
Gold:   184        SH:  0    Dex:  9    Spells: 3/3 levels left

rFire   . . .      SeeInvis .    a - +0 trident
rCold   . . .      Faith    .    (no shield)
rNeg    . . .      Spirit   .    b - +0 scale mail
rPois   .          Reflect  .    (helmet restricted)
rElec   .          Harm     .    u - +0 cloak
rCorr   .          Rampage  .    (no gloves)
Will    .....                    (no boots)
Stlth   ..........               (no amulet)
HPRegen 0.26/turn                (no ring)
MPRegen 0.08/turn                (no ring)

@: mighty
A: horns 2, retaliatory headbutt
a: no special abilities


You were on level 3 of the Dungeon.
You visited 1 branch of the dungeon, and saw 3 of its levels.

You collected 184 gold pieces.

Inventory:

Hand Weapons
 a - a +0 trident (weapon)
Missiles
 k - 8 silver boomerangs (quivered)
Armour
 b - a +0 scale mail (worn)
 u - a +0 cloak (worn)
Wands
 w - a wand of digging (7)
Scrolls
 c - 2 scrolls of blinking
 e - a scroll of noise {unknown}
 h - a scroll of brand weapon {unknown}
 i - a scroll of immolation {unknown}
 l - a scroll of fear
 m - a scroll of poison {unknown}
 p - a scroll of vulnerability {unknown}
 q - a scroll of enchant armour {unknown}
 s - a scroll of torment {unknown}
 t - 3 scrolls of amnesia
 v - 2 scrolls of identify
Potions
 d - 3 potions of might
 f - a potion of mutation {unknown}
 g - a potion of lignification {unknown}
 j - a potion of flight {unknown}
 o - a potion of heal wounds {unknown}
 r - a potion of brilliance


   Skills:
 + Level 4.1 Fighting
 + Level 3.4 Polearms
 + Level 4.6 Armour
 + Level 0.9 Dodging
 + Level 3.9 Shields


You had 3 spell levels left.
You didn't know any spells.
Your spell library contained the following spells:

 Spells                   Type           Power      Damage    Failure   Level
 Summon Small Mammal      Summ           0%         N/A       78%         1
 Ensorcelled Hibernation  Hex/Ice        0%         N/A       89%         2
 Passwall                 Tmut/Erth      0%         N/A       89%         2
 Call Canine Familiar     Summ           0%         N/A       98%         3
 Portal Projectile        Hex/Tloc       0%         N/A       98%         3
 Summon Guardian Golem    Hex/Summ       0%         N/A       98%         3
 Swiftness                Air            0%         N/A       98%         3
 Leda's Liquefaction      Hex/Erth       0%         N/A       100%        4


Dungeon Overview and Level Annotations

Branches:
Dungeon (3/15)

Altars:


Innate Abilities, Weirdness & Mutations

You have a pair of horns on your head.
You reflexively headbutt those who attack you in melee.


Message History

You throw a silver boomerang.
The silver boomerang barely misses the gnoll.
The gnoll hits you with a +0 spear. The gnoll hits you but does no damage.
You throw a silver boomerang. The silver boomerang hits the gnoll.
The gnoll is moderately wounded.
The gnoll hits you but does no damage. x2
You throw a silver boomerang.
The silver boomerang barely misses the gnoll.
The gnoll barely misses you. The gnoll closely misses you.
The gnoll hits you but does no damage.
The gnoll hits you from afar with a +0 halberd.
The gnoll closely misses you.
You throw a silver boomerang.
The silver boomerang barely misses the gnoll.
The gnoll hits you from afar with a +0 halberd!
The gnoll hits you from afar with a +0 spear.
The gnoll hits you with a +0 whip.
You are too injured to fight recklessly!
You are too injured to fight recklessly!
You feel very mighty all of a sudden. The gnoll hits you but does no damage.
The gnoll drinks a potion.
The gnoll seems to grow stronger.
The gnoll hits you but does no damage. The gnoll hits you with a +0 whip.
You feel better.
The gnoll hits you from afar with a +0 spear.
The gnoll barely misses you. x2; The gnoll hits you with a +0 flail!
* * * LOW HITPOINT WARNING * * *
The gnoll hits you from afar with a +0 spear.
* * * LOW HITPOINT WARNING * * *
The gnoll barely misses you. The gnoll hits you with a +0 halberd.
* * * LOW HITPOINT WARNING * * *
The gnoll hits you but does no damage.
You puncture the gnoll!
You kill the gnoll!
The gnoll throws a stone.
The stone hits you.
* * * LOW HITPOINT WARNING * * *
The gnoll hits you with a +0 flail.
* * * LOW HITPOINT WARNING * * *
The gnoll hits you with a +0 whip.
You die...

##.# #.#########.#
###### ..
.##...........#
###...############
###.[#######
#.......(.#
#.........#
#.........#
#......)..#
#......@g.#
#....gg...#
#.........##
#.........'.#
#.......!.#^##
###########..#
##.# ##'####
#.....## #####


You could see 3 gnolls.

Vanquished Creatures
  A gnoll (D:3)
  An adder (D:3)
  2 worms (D:2)
  4 dart slugs
  3 orcs (D:3)
  6 ball pythons
  11 bats
  3 endoplasms
  6 giant cockroaches
  3 goblins
  2 hobgoblins
  A kobold (D:2)
  9 rats
52 creatures vanquished.

Notes
Turn   | Place    | Note
-------+----------+-------------------------------------------
     0 | D:1      | Iusername the Minotaur Fighter began the quest for the Orb.
     0 | D:1      | Reached XP level 1. HP: 19/19 MP: 0/0
   102 | D:1      | Reached XP level 2. HP: 27/27 MP: 1/1
   571 | D:1      | Reached XP level 3. HP: 30/33 MP: 2/2
  1777 | D:3      | Reached XP level 4. HP: 40/40 MP: 3/3
  1916 | D:3      | HP: 1/40 [gnoll/+0 flail (3)]
  1916 | D:3      | Slain by a gnoll

Illustrated notes

Levels and vault maps discovered:
D:1:      lightli_arrival_flooded_house, layout_loops_ring,
          amcnicky_mini_rare_corridor_liquid
D:2:      layout_loops_corners, kennysheep_path_1, roderic_st_hans_cross,
          minmay_strange_pillars, minmay_tetromino_t4
D:3:      layout_basic, minmay_close_crescents

Skill      XL: |  1  2  3 |
---------------+----------+-----
Armour         | 4 |  4.6
Fighting       | 4 |  4.1
Polearms       | 3 |  3.4
Dodging        | |  0.9
Shields        | |  3.9

Action                   |  1- 3 |  4- 6 || total
-------------------------+-------+-------++-------
Melee: Trident           |    85 |     3 ||    88
       Headbutt          |    16 |       ||    16
Throw: Boomerang         |    11 |    15 ||    26
  Use: Scroll            |     6 |       ||     6
       Potion            |       |     2 ||     2
Armor: Scale mail        |    27 |     8 ||    35
Dodge: Dodged            |    35 |     6 ||    41
Block: Buckler           |     5 |       ||     5

Table legend: (Time is in decaauts)
 A = Elapsed time spent in this place.
 B = Non-inter-level travel time spent in this place.
 C = Inter-level travel time spent in this place.
 D = Time resting spent in this place.
 E = Time spent auto-exploring this place.
 F = Levels seen in this place.
 G = Mean time per level.
                   A        B        C        D        E       F      G
               +--------+--------+--------+--------+--------+-----+--------+
         Total |   1938 |   1859 |     79 |      0 |   1543 |   3 |  646.0 |
       Dungeon |   1938 |   1859 |     79 |      0 |   1543 |   3 |  646.0 |
               +--------+--------+--------+--------+--------+-----+--------+

Top non-repeatable levels by time:
     D:2: 905 daAuts
     D:1: 732 daAuts
     D:3: 300 daAuts
